 Dungeon Crawl Stone Soup version 0.26-a0-606-g3c8f2f6 (webtiles) character file.

Game seed: 2414662936187431170

7758 Dorkslayer the Grappler (level 11, -1/102 HPs)
             Began as a Troll Fighter on Sept 1, 2020.
             Was a Priest of the Shining One.
             Slain by a death yak (21 damage)
             ... on level 9 of the Dungeon.
             The game lasted 00:23:55 (5988 turns).

Dorkslayer the Grappler (Troll Fighter)             Turns: 5988, Time: 00:23:56

Health: -1/102     AC:  9    Str: 26    XL:     11   Next: 1%
Magic:  13/13      EV: 10    Int:  4    God:    the Shining One [***...]
Gold:   451        SH: 18    Dex: 12    Spells: 10/10 levels left

rFire    . . .     SeeInvis .     - Unarmed
rCold    . . .     Faith    .   b - +0 kite shield
rNeg     + . .     Spirit   .   a - +0 robe
rPois    .         Reflect  .   (helmet restricted)
rElec    .         Harm     .   o - +2 cloak {Stlth+}
rCorr    .                      (gloves unavailable)
MR       .....                  (boots unavailable)
Stlth    +.........             g - amulet of magic regeneration
HPRegen  0.67/turn              (no ring)
MPRegen  0.38/turn              (no ring)

@: mighty, divine shield, glowing
A: large, unfitting armour, claws 3, regeneration 1, shaggy fur 1, tough skin 3
a: Divine Shield, Renounce Religion


You were on level 9 of the Dungeon.
You worshipped the Shining One.
The Shining One was most pleased with you.
You visited 2 branches of the dungeon, and saw 10 of its levels.

You collected 460 gold pieces.
You donated 9 gold pieces to Zin.

Inventory:

Missiles
 q - 9 boomerangs (quivered)
 u - 2 silver boomerangs
Armour
 a - a +0 robe (worn)
 b - a +0 kite shield (worn)
 o - a +2 cloak of stealth (worn)
Jewellery
 g - an amulet of magic regeneration (around neck)
Wands
 s - a wand of enslavement (4)
 t - a wand of digging (4)
Scrolls
 d - 3 scrolls of fear
 f - a scroll of enchant weapon
 h - a scroll of blinking
 j - a scroll of teleportation
 l - 3 scrolls of enchant armour {unknown}
 n - a scroll of fog
 p - 5 scrolls of remove curse {unknown}
 r - 7 scrolls of amnesia
Potions
 e - 2 potions of resistance
 m - 2 potions of curing
 v - a potion of flight


   Skills:
 * Level 5.1 Fighting
 * Level 3.1 Throwing
 + Level 5.2 Dodging
 + Level 0.2 Stealth
 + Level 4.7 Shields
 * Level 12.0 Unarmed Combat
 * Level 4.3 Invocations
 * Level 3.1 Evocations


You had 10 spell levels left.
You didn't know any spells.
Your spell library contained the following spells:

 Spells                   Type           Power        Failure   Level
 Animate Skeleton         Necr           #.....       80%         1
 Apportation              Tloc           #.....       80%         1
 Corona                   Hex            #......      80%         1
 Magic Dart               Conj           #...         80%         1
 Pain                     Necr           #...         80%         1
 Summon Small Mammal      Summ           #...         80%         1
 Blink                    Tloc           N/A          91%         2
 Call Imp                 Summ           #.......     91%         2
 Slow                     Hex            #.......     91%         2
 Conjure Flame            Conj/Fire      #.......     99%         3
 Mephitic Cloud           Conj/Pois/Air  #.......     99%         3
 Vampiric Draining        Necr           #.........   99%         3
 Animate Dead             Necr           #.........   100%        4
 Agony                    Necr           #.......     100%        5


Dungeon Overview and Level Annotations

Branches:
Dungeon (9/15)             Temple (1/1) D:5            Lair (0/6) D:9
    Orc: D:9-12

Altars:
Ashenzari
Cheibriados
Dithmenos
Elyvilon
Fedhas
Gozag
Hepliaklqana
Makhleb
Nemelex Xobeh
Okawaru
Qazlal
Ru
Sif Muna
Trog
Uskayaw
Wu Jian
Xom
Yredelemnul
Zin
The Shining One

Shops:
D:8 =


Innate Abilities, Weirdness & Mutations

You are too large for most types of armour.
You have claws for hands.
Your natural rate of healing is unusually fast.
You are covered in fur. (AC +1)
You have extremely tough skin. (AC +3)


Message History

The death yak gores you!!
* * * LOW HITPOINT WARNING * * *
You feel very mighty all of a sudden. You block the death yak's attack.
You feel better. You block the death yak's attack.
You scratch the death yak.
The death yak is lightly wounded.
You claw the death yak!
The death yak is moderately wounded.
The death yak barely misses you.
You mangle the death yak!!
The death yak is heavily wounded.
You block the death yak's attack.
You claw the death yak!
The death yak is severely wounded.
The death yak gores you but does no damage.
You mangle the death yak!!
The death yak is almost dead.
The death yak gores you!!
You die...

##### .# .# .# #####
######.#
....######......#
........##.....#########
..............YY@.......
....(...##....Y####.##.#
........##.....#
###.######.....# #.#
##...Y# ###.# #.......#
..... .....#...?....?
##### ####.....YY....
#....Y..#...


You could see 3 death yaks.

Vanquished Creatures
  A two-headed ogre (D:8)
  2 death yaks (D:9)
  Pikel (D:6)
  Grinder (D:4)
  2 hippogriffs (D:8)
  Sigmund (D:3)
  A steam dragon (D:7)
  Menkaure (D:4)
  A water moccasin (D:7)
  An orc warrior (D:7)
  A phantom (D:6)
  2 ice beasts
  5 ogres
  8 centaurs
  A big kobold (D:8)
  8 bullfrogs
  15 wights
  5 howler monkeys
  A crimson imp (D:4)
  2 bullfrog zombies (D:6)
  A centaur skeleton (D:4)
  6 hounds
  12 orc wizards
  Crazy Yiuf (D:3)
  2 bullfrog skeletons (D:4)
  3 orc priests
  2 jellies
  An iguana (D:6)
  Natasha (thrice) (D:2)
  Terence (D:3)
  9 worker ants
  A hound skeleton (D:4)
  3 worker ant zombies
  Robin (D:3)
  3 gnolls (D:3)
  9 adders
  A shadow imp (D:6)
  2 white imps (D:6)
  2 ufetubi
  2 adder zombies
  An ooze (D:2)
  5 adder skeletons
  2 worms
  5 dart slugs
  5 leopard geckos
  37 orcs
  4 bats
  5 giant cockroaches
  11 hobgoblins
  17 jackals
  5 quokkas
  2 ball pythons
  12 frilled lizards
  10 goblins
  A jackal zombie (D:6)
  8 kobolds
  2 leopard gecko skeletons (D:5)
  A leopard gecko zombie (D:8)
  5 rats (D:1)
263 creatures vanquished.

Vanquished Creatures (others)
  A death yak (D:9)
  A shadow imp (D:7)
  A hobgoblin (D:3)
3 creatures vanquished.

Grand Total: 266 creatures vanquished

Notes
Turn   | Place    | Note
-------+----------+-------------------------------------------
     0 | D:1      | Dorkslayer the Troll Fighter began the quest for the Orb.
     0 | D:1      | Reached XP level 1. HP: 22/22 MP: 0/0
   112 | D:1      | Reached XP level 2. HP: 29/29 MP: 1/1
   692 | D:2      | Reached XP level 3. HP: 36/36 MP: 2/2
   973 | D:2      | Noticed Natasha
   981 | D:2      | Killed Natasha
   981 | D:2      | Reached skill level 3 in Unarmed Combat
   981 | D:2      | Reached XP level 4. HP: 37/44 MP: 3/3
  1049 | D:2      | Noticed Natasha
  1059 | D:2      | Killed Natasha
  1206 | D:2      | Found a stormy altar of Qazlal.
  1331 | D:2      | Noticed Natasha
  1345 | D:2      | Killed Natasha
  1345 | D:2      | Reached XP level 5. HP: 44/52 MP: 4/4
  1397 | D:3      | Noticed Robin
  1423 | D:3      | Reached skill level 4 in Unarmed Combat
  1432 | D:3      | Killed Robin
  1609 | D:3      | Found a runed translucent door.
  1610 | D:3      | Noticed Crazy Yiuf
  1621 | D:3      | Killed Crazy Yiuf
  1726 | D:3      | Noticed a centaur
  1735 | D:3      | Killed a centaur
  1735 | D:3      | Reached XP level 6. HP: 30/61 MP: 5/5
  1818 | D:3      | Reached skill level 5 in Unarmed Combat
  1908 | D:3      | Noticed Terence
  1909 | D:3      | Noticed Sigmund
  1918 | D:3      | Killed Terence
  1926 | D:3      | Killed Sigmund
  1926 | D:3      | Reached XP level 7. HP: 28/67 MP: 6/6
  2031 | D:4      | Reached skill level 6 in Unarmed Combat
  2056 | D:4      | Noticed Menkaure
  2061 | D:4      | Killed Menkaure
  2183 | D:4      | Noticed Grinder
  2192 | D:4      | Killed Grinder
  2192 | D:4      | Reached skill level 7 in Unarmed Combat
  2230 | D:4      | Reached XP level 8. HP: 78/78 MP: 7/7
  2516 | D:4      | Found a snail-covered altar of Cheibriados.
  2859 | D:4      | Found a shimmering altar of Xom.
  2860 | D:4      | Found a burning altar of Makhleb.
  2902 | D:5      | Entered Level 5 of the Dungeon
  3009 | D:5      | Found a staircase to the Ecumenical Temple.
  3015 | D:5      | Reached skill level 8 in Unarmed Combat
  3022 | Temple   | Entered the Ecumenical Temple
  3043 | Temple   | Became a worshipper of Zin the Law-Giver
  3075 | Temple   | Fell from the grace of Zin
  3075 | Temple   | Became a worshipper of the Shining One
  3420 | D:5      | Found a white marble altar of Elyvilon.
  3421 | D:5      | Found a hide-covered altar of Uskayaw.
  3777 | D:6      | Noticed Pikel
  3793 | D:6      | Reached * piety under the Shining One
  3826 | D:6      | Found a shimmering altar of Xom.
  3847 | D:6      | Reached skill level 1 in Evocations
  3850 | D:6      | Reached skill level 1 in Invocations
  3892 | D:6      | Reached skill level 9 in Unarmed Combat
  3911 | D:6      | Reached XP level 9. HP: 60/84 MP: 7/9
  4015 | D:6      | Killed Pikel
  4015 | D:6      | Reached skill level 1 in Throwing
  4138 | D:6      | Found a sparkling altar of Nemelex Xobeh.
  4434 | D:7      | Reached skill level 10 in Unarmed Combat
  4964 | D:7      | Reached ** piety under the Shining One
  4995 | D:7      | Reached XP level 10. HP: 28/94 MP: 11/11
  5360 | D:8      | Reached *** piety under the Shining One
  5416 | D:8      | Reached skill level 5 in Dodging
  5453 | D:8      | Noticed a two-headed ogre
  5467 | D:8      | Killed a two-headed ogre
  5467 | D:8      | Reached skill level 11 in Unarmed Combat
  5663 | D:8      | Reached skill level 5 in Fighting
  5695 | D:8      | Found Qygru's Jewellery Shop.
  5939 | D:9      | Noticed a death yak
  5941 | D:9      | Noticed a death yak
  5941 | D:9      | Noticed a death yak
  5942 | D:9      | Found a staircase to the Lair.
  5942 | D:9      | Noticed a death yak
  5942 | D:9      | Noticed a death yak
  5942 | D:9      | Noticed a death yak
  5942 | D:9      | Noticed a death yak
  5968 | D:9      | Killed a death yak
  5980 | D:9      | Killed a death yak
  5980 | D:9      | Reached skill level 12 in Unarmed Combat
  5980 | D:9      | Reached XP level 11. HP: 33/102 MP: 13/13
  5988 | D:9      | Slain by a death yak

Illustrated notes

Levels and vault maps discovered:
D:1:      lightli_arrival_chessboard, layout_basic, minmay_tetromino_l4
D:2:      layout_basic, nicolae_qazlal_eye_of_the_storm, minmay_lizard_pond,
          uniq_natasha
D:3:      layout_rooms, uniq_terence, uniq_robin, uniq_crazy_yiuf_cottage,
          uniq_sigmund
D:4:      layout_basic, grunt_temple_overflow_champion_of_chaos,
          kennysheep_slug_shrine, uniq_grinder, uniq_menkaure
D:5:      layout_cave_pods, gammafunk_temple_overflow_pools,
          minmay_temple_entry_ruins
D:6:      layout_rooms, marbit_many_paths, basic_altar,
          hangedman_abyss_or_decor_lesser_grid, corexii_hall_statues_x,
          uniq_pikel
D:7:      layout_basic, st_stairs_11, minmay_misc_feat_encased, nicolae_sextant
D:8:      layout_rooms, serial_shops, kennysheep_little_box
D:9:      layout_basic, fiery_altar_vehumet, dpeg_lair_monsters
Temple:   eino_temple_water

Skill      XL: |  1  2  3  4  5  6  7  8  9 10 |
---------------+-------------------------------+-----
Unarmed Combat | 3 4 5 7 9 10 12 | 12.0
Shields        | 3 4 |  4.7
Dodging        | 3 4 5 |  5.2
Fighting       | 3 4 5 |  5.1
Evocations     | 1 2 3 |  3.1
Invocations    | 1 3 4 |  4.3
Throwing       | 2 3 |  3.1
Stealth        | |  0.2

Action                   |  1- 3 |  4- 6 |  7- 9 | 10-12 || total
-------------------------+-------+-------+-------+-------++-------
Melee: Unarmed           |    90 |   123 |   342 |   190 ||   745
Throw: Boomerang         |       |       |     6 |    10 ||    16
Invok: Divine Shield     |       |       |       |     1 ||     1
Evoke: Wand              |       |     3 |       |     7 ||    10
  Use: Scroll            |       |       |    10 |     2 ||    12
       Potion            |       |       |     4 |     3 ||     7
 Stab: Sleeping          |     1 |       |       |       ||     1
Armor: Robe              |    23 |    47 |    98 |    25 ||   193
       Skin              |       |       |     1 |       ||     1
Dodge: Dodged            |    23 |    44 |   133 |    52 ||   252
Block: Kite shield       |    34 |    54 |   157 |    80 ||   325

Table legend: (Time is in decaauts)
 A = Elapsed time spent in this place.
 B = Non-inter-level travel time spent in this place.
 C = Inter-level travel time spent in this place.
 D = Time resting spent in this place.
 E = Time spent auto-exploring this place.
 F = Levels seen in this place.
 G = Mean time per level.
                   A        B        C        D        E       F      G
               +--------+--------+--------+--------+--------+-----+--------+
         Total |   5933 |   5933 |      0 |     69 |    577 |  10 |  593.3 |
       Dungeon |   5869 |   5869 |      0 |     69 |    577 |   9 |  652.1 |
        Temple |     63 |     63 |      0 |      0 |      0 |   1 |   63.0 |
               +--------+--------+--------+--------+--------+-----+--------+

Top non-repeatable levels by time:
     D:4: 925 daAuts
     D:7: 862 daAuts
     D:5: 788 daAuts
     D:2: 738 daAuts
     D:1: 619 daAuts
     D:3: 615 daAuts
     D:6: 583 daAuts
     D:8: 550 daAuts
     D:9: 185 daAuts
  Temple: 63 daAuts
